 Dungeon Crawl Stone Soup version 0.21-a0-243-g597973d (webtiles) character file.

722 tidbits the Insei (level 7, 0/51 HPs)
             Began as a Demigod Transmuter on Sept 4, 2017.
             Slain by an ogre
             ... wielding a cursed -3 giant spiked club
              (5 damage)
             ... on level 6 of the Dungeon.
             The game lasted 00:22:14 (2279 turns).

tidbits the Insei (Demigod Transmuter)              Turns: 2279, Time: 00:22:15

Health: 0/51       AC:  2    Str: 17    XL:     7   Next: 19%
Magic:  10/13      EV: 12    Int: 21    God:
Gold:   242        SH:  0    Dex: 16    Spells: 5/10 levels left

rFire    . . .     SeeInvis .   A - +0 short sword (curse)
rCold    + . .     Gourm    .   (no shield)
rNeg     . . .     Faith    .   b - +0 robe
rPois    .         Spirit   .   (no helmet)
rElec    .         Reflect  .   (no cloak)
rCorr    .         Harm     .   (no gloves)
MR       .....                  (no boots)
Stlth    ++........             (no amulet)
HPRegen  0.17/turn              m - ring of protection from cold
MPRegen  0.13/turn              p - +4 ring of strength

@: very slightly contaminated
A: high mp 1
a: no special abilities


You were on level 6 of the Dungeon.
You were not hungry.

You visited 1 branch of the dungeon, and saw 6 of its levels.

You collected 242 gold pieces.

Inventory:

Hand Weapons
 a - a +3 morningstar of draining
   (You took it off an orc on level 4 of the Dungeon)
 e - a +0 scythe of venom
   (You took it off Sigmund on level 4 of the Dungeon)
 n - a +0 blowgun
 r - a +0 hunting sling of velocity
   (You took it off a goblin on level 3 of the Dungeon)
 A - a cursed +0 short sword (weapon)
Missiles
 s - 88 stones (quivered)
 y - 12 arrows
 B - 21 poisoned needles
Armour
 b - a +0 robe (worn)
Jewellery
 m - a ring of protection from cold (left hand)
   (You found it on level 2 of the Dungeon)
 p - a +4 ring of strength (right hand)
   (You found it on level 2 of the Dungeon)
Wands
 q - a wand of lightning (9/15)
 w - a wand of flame (0/48)
Scrolls
 t - a scroll of teleportation
 z - 2 scrolls of amnesia
Potions
 f - a potion of haste
 k - a potion of magic {unknown}
 x - a potion of agility {unknown}
Books
 c - a book of Changes

   Spells                             Type                      Level
   a - Beastly Appendage              Transmutation                1
   b - Sticks to Snakes               Transmutation                2
   c - Spider Form                    Transmutation/Poison         3
   d - Ice Form                       Ice/Transmutation            4
   e - Blade Hands                    Transmutation                5
Comestibles
 d - 3 bread rations
 i - a meat ration
 j - 5 fruits
 l - a royal jelly


   Skills:
 + Level 0.8 Fighting
 + Level 1.7 Dodging
 - Level 1.0 Stealth
 * Level 6.6 Unarmed Combat
 - Level 2.0 Spellcasting
 + Level 4.5 Transmutations


You had 5 spell levels left.
You knew the following spells:

 Your Spells              Type           Power        Failure   Level  Hunger
k - Sticks to Snakes      Tmut           ###.....     3%          2    ##.....
p - Spider Form           Tmut/Pois      ##........   17%         3    ###....


Dungeon Overview and Level Annotations

Branches:
Dungeon (6/15)
 Temple: D:4-7

Annotations:
D:4 Edmund; Robin; Shiggs's ghost, amateur NaFi


Innate Abilities, Weirdness & Mutations

You have an increased reservoir of magic. (+10% MP)


Message History

The gnoll sergeant hits you from afar with a spear.
* * * LOW HITPOINT WARNING * * *
You climb upwards.
Your summoned ally is left behind.
There is a stone staircase leading down here.
You bite the gnoll!
The gnoll is severely wounded.
The gnoll closely misses you.
You bite the gnoll!
You kill the gnoll!
Your transformation is almost over.
Your transformation has ended.
Your cursed +0 short sword unmelds from your body.
Your +0 robe unmelds from your body.
The jackal barks!
Casting: Sticks to Snakes
Confirm with . or Enter, or press ? or * to list all spells.
You miscast Spider Form.
You are very lightly contaminated with residual magic.
Your hands glow momentarily.
The jackal bites you but does no damage.
Casting: Spider Form
Confirm with . or Enter, or press ? or * to list all spells.
You turn into a venomous arachnid creature.
Your cursed +0 short sword melds into your body.
Your +0 robe melds into your body.
The jackal misses you. The jackal bites you.
* * * LOW HITPOINT WARNING * * *
You hit the jackal.
The jackal is poisoned.
The jackal is lightly wounded.
The jackal completely misses you.
You bite the jackal!
You kill the jackal!
Your transformation is almost over.
There is a stone staircase leading down here.
You climb downwards.
An adder and an ogre come into view.
Found 25 bolts and a bubbling dark potion.
There is a stone staircase leading up here.
The helpless adder fails to defend itself.
You bite the adder!
The adder is almost dead.
The adder completely misses you.
You bite the adder!
You kill the adder!
There is a stone staircase leading up here.
Your transformation has ended.
Your cursed +0 short sword unmelds from your body.
Your +0 robe unmelds from your body.
You can't unwield your weapon to draw a new one!
Unknown command.
Okay, then.
There is a stone staircase leading up here.
Evoke which item? (* to show all) (? for menu, Esc to quit)
Aiming: Lightning Bolt
Press: ? - help, Shift-Dir - straight line, f - ogre
Aim: an ogre, wielding a giant spiked club (resting)
You hear a mighty clap of thunder!
The bolt of lightning hits the ogre.
The ogre is lightly wounded.
The ogre shouts!
This wand has 14 charges left.
You hear a chilling moan.
Evoke which item? (* to show all) (? for menu, Esc to quit)
Aiming: Lightning Bolt
Press: ? - help, Shift-Dir - straight line, f/p - ogre
Aim: an ogre, wielding a giant spiked club (lightly wounded)
You hear a mighty clap of thunder!
The bolt of lightning hits the ogre.
The ogre is heavily wounded.
This wand has 13 charges left.
Evoke which item? (* to show all) (? for menu, Esc to quit)
Aiming: Lightning Bolt
Press: ? - help, Shift-Dir - straight line, f/p - ogre
Aim: an ogre, wielding a giant spiked club (heavily wounded)
You hear a mighty clap of thunder!
The bolt of lightning hits the ogre.
The ogre is heavily wounded.
This wand has 12 charges left.
Evoke which item? (* to show all) (? for menu, Esc to quit)
Aiming: Lightning Bolt
Press: ? - help, Shift-Dir - straight line, p - ogre You hear a mighty clap of thunder!
The bolt of lightning misses the ogre.
This wand has 11 charges left.
The ogre hits you with a giant spiked club!
* * * LOW HITPOINT WARNING * * *
Evoke which item? (* to show all) (? for menu, Esc to quit)
Aiming: Lightning Bolt
Press: ? - help, Shift-Dir - straight line You hear a mighty clap of thunder!
The bolt of lightning hits the ogre.
The ogre is heavily wounded.
This wand has 10 charges left.
The ogre barely misses you.
Evoke which item? (* to show all) (? for menu, Esc to quit)
Aiming: Lightning Bolt
Press: ? - help, Shift-Dir - straight line You hear a mighty clap of thunder!
The bolt of lightning hits the ogre.
The ogre is severely wounded.
This wand has 9 charges left.
The ogre hits you with a giant spiked club.
You die...

.. . . .#
####!# #
#@O(.#..#
+<......#
#..#.#..#
####......
....#
.##.# . #
#.


You could see an ogre.

Vanquished Creatures
  Sigmund (D:4)
  An ice beast (D:4)
  A bullfrog (D:6)
  A crimson imp (D:4)
  An orc wizard (D:4)
  3 jellies
  2 orc priests
  A centaur skeleton (D:4)
  Natasha (D:2)
  A worker ant zombie (D:5)
  A gnoll (D:5)
  2 adders
  A shadow imp (D:4)
  7 oozes (D:4)
  2 worms
  2 dart slugs
  3 leopard geckos
  10 orcs
  2 ball pythons
  3 giant cockroaches
  13 goblins
  3 hobgoblins
  5 jackals
  3 quokkas
  3 frilled lizards (D:1)
  10 kobolds
  4 rats (D:1)
87 creatures vanquished.

Vanquished Creatures (collateral kills)
  A worker ant (D:5)
  2 adders
  2 oozes (D:4)
  2 worms (D:2)
  A goblin (D:1)
  A quokka (D:4)
  A frilled lizard (D:2)
10 creatures vanquished.

Vanquished Creatures (others)
  2 fungi (D:4)
  8 toadstools (D:4)
10 creatures vanquished.

Grand Total: 107 creatures vanquished

Notes
Turn   | Place    | Note
-------+----------+-------------------------------------------
     0 | D:1      | tidbits the Demigod Transmuter began the quest for the Orb.
     0 | D:1      | Reached XP level 1. HP: 15/15 MP: 5/5
    41 | D:1      | Reached skill level 2 in Spellcasting
   123 | D:1      | Reached skill level 2 in Transmutations
   218 | D:1      | Reached skill level 3 in Unarmed Combat
   218 | D:1      | Reached XP level 2. HP: 14/22 MP: 5/7
   226 | D:1      | Learned a level 2 spell: Sticks to Snakes
   387 | D:2      | Noticed Natasha
   538 | D:2      | Killed Natasha
   538 | D:2      | Reached XP level 3. HP: 14/27 MP: 2/8
   543 | D:2      | Learned a level 3 spell: Spider Form
   596 | D:2      | Found a shadowy altar of Dithmenos.
   666 | D:2      | Found a shattered altar of Ashenzari.
   716 | D:3      | Reached skill level 1 in Stealth
   752 | D:4      | Found a radiant altar of Vehumet.
   753 | D:4      | Found a burning altar of Makhleb.
   759 | D:4      | Reached XP level 4. HP: 26/34 MP: 4/9
   776 | D:4      | Reached skill level 4 in Unarmed Combat
   820 | D:4      | Noticed Edmund
   821 | D:4      | Noticed Robin
   826 | D:5      | Entered Level 5 of the Dungeon
   843 | D:4      | Reached skill level 3 in Transmutations
   925 | D:4      | Noticed an ice beast
  1066 | D:3      | Reached XP level 5. HP: 26/39 MP: 8/10
  1091 | D:2      | Found a transporter.
  1091 | D:2      | Found a glowing golden altar of the Shining One.
  1097 | D:2      | Found a transporter.
  1265 | D:2      | Noticed a moth of wrath
  1465 | D:3      | Found a sparkling altar of Nemelex Xobeh.
  1493 | D:3      | Found a sacrificial altar of Ru.
  1580 | D:4      | Noticed Sigmund
  1593 | D:4      | Killed Sigmund
  1593 | D:4      | Reached skill level 5 in Unarmed Combat
  1593 | D:4      | Reached XP level 6. HP: 24/46 MP: 2/11
  1709 | D:4      | Reached skill level 4 in Transmutations
  1786 | D:4      | Noticed Shiggs's ghost (amateur NaFi)
  1915 | D:5      | Reached skill level 6 in Unarmed Combat
  2090 | D:4      | HP: 2/46 [acid (8)]
  2092 | D:4      | Reached XP level 7. HP: 2/51 MP: 4/13
  2277 | D:6      | HP: 5/51 [ogre/giant spiked club (13)]
  2279 | D:6      | Slain by an ogre

Vault maps used:
D:1:      minmay_arrival_three_doors, grunt_decor_cap, minmay_tripent
D:2:      gammafunk_temple_overflow_arena, tgw_trog, lemuel_crystal_altar,
          ashenzari_altar_1, uniq_natasha
D:3:      marbit_many_paths, lemuel_statue_altar
D:4:      cheibrodos_fertilizer, grunt_temple_overflow_lords_of_destruction,
          first_bread, uniq_edmund, uniq_robin, uniq_sigmund
D:5:      kennysheep_vampire_church
D:6:      tgw_sif, small_statue_alley_b, minmay_liquid_box, kennysheep_path_1

Skill      XL: |  1  2  3  4  5  6 |
---------------+-------------------+-----
Spellcasting   | 2 |  2.0
Transmutations | 2 3 4 |  4.5
Unarmed Combat | 3 4 5 6 |  6.6
Stealth        | 1 |  1.0
Fighting       | |  0.8
Dodging        | |  1.7

Action                   |  1- 3 |  4- 6 |  7- 9 || total
-------------------------+-------+-------+-------++-------
Melee: Unarmed           |    75 |   114 |    17 ||   206
       Headbutt          |     4 |     1 |       ||     5
       Kick              |     4 |     1 |       ||     5
       Morningstar       |       |     8 |       ||     8
       Short sword       |       |    13 |     1 ||    14
Throw: Stone             |       |     1 |       ||     1
 Cast: Beastly Appendage |    17 |     2 |       ||    19
       Sticks to Snakes  |     7 |    15 |     2 ||    24
       Spider Form       |     3 |    18 |     2 ||    23
 Abil: End Transformatio |       |       |     1 ||     1
Evoke: Wand              |       |       |     6 ||     6
  Use: Scroll            |     1 |    12 |       ||    13
       Potion            |       |     4 |       ||     4
 Stab: Sleeping          |     1 |     2 |     1 ||     4
  Eat: Chunk             |     1 |     8 |       ||     9
       Royal jelly       |       |       |     1 ||     1
Armor: Robe              |     6 |     7 |     2 ||    15
       Skin              |       |     4 |     1 ||     5
Dodge: Dodged            |    32 |   129 |    14 ||   175

Table legend:
 A = Spawn XP
 B = Non-spawn XP
 C = Spawn XP percentage of total XP
 D = Spawn monster count
 E = Non-spawn monster count
 F = Spawn count percentage of total count
 G = Total turns spent on level
                    A         B        C        D         E        F      G
               +---------+---------+-------+---------+---------+-------+---------
         Total |      60 |     972 |   5.8 |       7 |      90 |   7.2 |  2279
               +---------+---------+-------+---------+---------+-------+---------
           D:1 |       2 |      22 |   8.3 |       1 |      14 |   6.7 |   389
           D:2 |       6 |      84 |   6.7 |       2 |      12 |  14.3 |   453
           D:3 |       2 |      43 |   4.4 |       1 |      15 |   6.2 |   497
           D:4 |      50 |     620 |   7.5 |       3 |      36 |   7.7 |   659
           D:5 |       0 |     107 |   0.0 |       0 |      11 |   0.0 |   259
           D:6 |       0 |      96 |   0.0 |       0 |       2 |   0.0 |    22
               +---------+---------+-------+---------+---------+-------+---------

Table legend:
 A = Turns spent in this place as a percentage of turns spent in the entire game.
 B = Non-inter-level travel turns spent in this place as a percentage of non-inter-level travel turns spent in the entire game.
 C = Inter-level travel turns spent in this place as a percentage of turns spent in this place.
 D = Turns resting spent in this place as a percentage of non-inter-level travel turns spent in this place.
 E = Turns spent auto-exploring this place as a percentage of non-inter-level travel turns spent in this place.
 F = Non-inter-level travel turns spent in this place divided by the number of levels of this place that you've seen.
                   A       B       C       D       E      F
               +-------+-------+-------+-------+-------+----------------------
         Total | 100.0 | 100.0 |   6.5 |   0.0 |   0.0 | 355.2
       Dungeon | 100.0 | 100.0 |   6.5 |   0.0 |   0.0 | 355.2
               +-------+-------+-------+-------+-------+----------------------

Table legend:
 A = Kills in this place as a percentage of kills in entire the game.
 B = Kills by you in this place as a percentage of kills by you in the entire game.
 C = Kills by friends in this place as a percentage of kills by friends in the entire game.
 D = Other kills in this place as a percentage of other kills in the entire game.
 E = Experience gained in this place as a percentage of experience gained in the entire game.
 F = Experience gained in this place divided by the number of levels of this place that you have seen.
                   A       B       C       D       E      F
               +-------+-------+-------+-------+-------+----------------------
         Total | 100.0 | 100.0 | 100.0 |   N/A | 100.0 | 172.0
       Dungeon | 100.0 | 100.0 | 100.0 |   N/A | 100.0 | 172.0
               +-------+-------+-------+-------+-------+----------------------

Vault maps used:
D:1:      minmay_arrival_three_doors, grunt_decor_cap, minmay_tripent
D:2:      gammafunk_temple_overflow_arena, tgw_trog, lemuel_crystal_altar,
          ashenzari_altar_1, uniq_natasha
D:3:      marbit_many_paths, lemuel_statue_altar
D:4:      cheibrodos_fertilizer, grunt_temple_overflow_lords_of_destruction,
          first_bread, uniq_edmund, uniq_robin, uniq_sigmund
D:5:      kennysheep_vampire_church
D:6:      tgw_sif, small_statue_alley_b, minmay_liquid_box, kennysheep_path_1
